 Dungeon Crawl Stone Soup version 0.19-a0-1834-g6b7851e (webtiles) character file.

264211 dobroeutro the Bludgeoner (level 20, -2/132 HPs)
             Began as a Gargoyle Fighter on Oct 8, 2016.
             Was the Champion of Okawaru.
             Slain by a bardiche of venom (17 damage)
             ... on level 2 of the Elven Halls on Oct 9, 2016.
             The game lasted 01:13:57 (35437 turns).

dobroeutro the Bludgeoner (Gargoyle Fighter)       Turns: 35437, Time: 01:13:57

Health: -2/132     AC: 48    Str: 36    XL:     20   Next: 4%
Magic:  22/24      EV: 16    Int:  4    God:    Okawaru [******]
Gold:   2601       SH: 26    Dex: 12    Spells: 0 memorised, 19 levels left

rFire  + + .     SeeInvis +     t - +12 flail of the Seeker {drain, rElec rC+ Int-5}
rCold  + + .     Gourm    .     m - +5 plate armour "Logioh" {rF+ Dex+2 SInv}
rNeg   + + .     Faith    .     o - +1 large shield
rPois  ∞         Spirit   .     A - +1 hat
rElec  +         Dismiss  .     K - +1 cloak {MR+}
rCorr  .         Reflect  .     F - +2 pair of gloves "Noes" {rC- MR+++ Str+4 Stlth+}
MR     +++++     Harm     .     X - +0 pair of boots {Stlth+}
Stlth  ..........               Q - amulet of rage
                                b - ring "Suuzeqe" {*Corrode rElec rC++ rN+ Str+6}
                                s - ring of protection from fire

@: heroism, flying
A: big wings, fangs 1, horns 2, camouflage 1, dopey 1, negative energy
resistance 1, sense surroundings 1, electricity resistance, unbreathing,
petrification resistance, rot immunity, MP-powered wands, AC +15
a: Stop Flying, Heroism, Finesse, Renounce Religion, Evoke Berserk Rage
}: 2/15 runes: barnacled, gossamer


You were on level 2 of the Elven Halls.
You worshipped Okawaru.
Okawaru was exalted by your worship.
You were not hungry.

You visited 8 branches of the dungeon, and saw 35 of its levels.
You also visited: Sewer and Ice Cave.

You collected 3420 gold pieces.
You spent 819 gold pieces at shops.

Inventory:

Hand Weapons
 e - a +3 eveningstar of draining
 t - the +12 flail of the Seeker (weapon) {drain, rElec rC+ Int-5}
   (You found it on level 5 of the Lair of Beasts)

   A truly terrible weapon, it drains the life of those it strikes.
   It affects your intelligence (-5).
   It protects you from cold.
   It insulates you from electricity.
 V - the +11 flail "Zestogyh" {flame, rF+ Str-4 Int+4 Dex+2}
   (You took it off Ilsuiw on level 4 of the Shoals)

   It has been specially enchanted to burn those struck by it, causing extra
   injury to most foes and up to half again as much damage against particularly
   susceptible opponents.
   It affects your strength (-4).
   It affects your intelligence (+4).
   It affects your dexterity (+2).
   It protects you from fire.
 W - a +5 morningstar of holy wrath
Armour
 m - the +5 plate armour "Logioh" (worn) {rF+ Dex+2 SInv}
   (Okawaru gifted it to you on level 4 of the Lair of Beasts)

   It affects your dexterity (+2).
   It protects you from fire.
   It lets you see invisible.
 o - a +1 large shield (worn)
 A - a +1 hat (worn)
 F - the +2 pair of gloves "Noes" (worn) {rC- MR+++ Str+4 Stlth+}
   (You found it in an ice cave)

   It affects your strength (+4).
   It makes you vulnerable to cold.
   It affects your resistance to hostile enchantments.
   It makes you more stealthy.
 K - a +1 cloak of magic resistance (worn)
 T - the +4 scale mail "Xiral" {rC+}
   (Okawaru gifted it to you on level 12 of the Dungeon)

   It protects you from cold.
 X - a +0 pair of boots of stealth (worn)
Rods
 w - a +1 iron rod (14/14)
   (You found it on level 3 of the Dungeon)
Jewellery
 b - the ring "Suuzeqe" (right hand) {*Corrode rElec rC++ rN+ Str+6}
   (You found it on level 10 of the Dungeon)

   [ring of strength]

   It affects your strength (+6).
   It greatly protects you from cold.
   It insulates you from electricity.
   It protects you from negative energy.
   It may corrode you when you take damage.
 s - a ring of protection from fire (left hand)
 P - a +3 ring of evasion {unknown}
 Q - an amulet of rage (around neck)
 U - a cursed amulet of inaccuracy {unknown}
 Y - the ring "Dum Lusm" {rElec EV+1 Str+4}
   (You found it on level 2 of the Lair of Beasts)

   [ring of evasion]

   It affects your evasion (+1).
   It affects your strength (+4).
   It insulates you from electricity.
Wands
 x - a wand of paralysis (16/24)
 H - a wand of disintegration (14/24)
 I - a wand of acid (8/15)
 J - a wand of lightning (1/15)
 O - a wand of digging (14/24)
 S - a wand of flame (36/48)
Scrolls
 c - 9 scrolls of magic mapping
 g - a scroll of fog
 i - 7 scrolls of immolation
 j - 7 scrolls of amnesia
 l - 5 scrolls of fear
 q - a scroll of vulnerability {unknown}
 r - 4 scrolls of blinking
 v - 2 scrolls of holy word
 y - 14 scrolls of teleportation
 B - 21 scrolls of identify
 D - 22 scrolls of remove curse
 G - 12 scrolls of enchant armour
 L - 4 scrolls of recharging
 M - a scroll of acquirement
Potions
 a - a potion of resistance
 d - 10 potions of might
 h - 2 potions of cure mutation
 p - 3 potions of agility
 u - 10 potions of curing
 z - 2 potions of invisibility
 C - 9 potions of heal wounds
 N - 5 potions of haste
 R - 7 potions of ambrosia
Comestibles
 f - 11 bread rations
 k - a royal jelly
 n - 21 meat rations
 E - 30 fruits


   Skills:
 + Level 16.3(21.3) Fighting
 * Level 20.0(25.0) Maces & Flails
 + Level 14.8(19.8) Armour
 + Level 11.3(16.3) Dodging
 + Level 14.5(19.5) Shields
 - Level 6.6 Invocations
 - Level 6.0 Evocations


You had 19 spell levels left.
You didn't know any spells.

Dungeon Overview and Level Annotations

Branches:
Dungeon (15/15)            Temple (1/1) D:7            Lair (6/6) D:9
 Shoals (4/4) Lair:4       Spider (4/4) Lair:4        Slime (0/5) Lair:5
    Orc (2/2) D:10            Elf (2/3) Orc:2        Vaults (1/5) D:14
 Depths (0/5) D:15

Altars:
Ashenzari
Cheibriados
Dithmenos
Elyvilon
Fedhas
Gozag
Hepliaklqana
Kikubaaqudgha
Makhleb
Nemelex Xobeh
Okawaru
Qazlal
Ru
Sif Muna
Trog
Vehumet
Xom
Yredelemnul
The Shining One
Jiyva

Shops:
D:6 [[[=   D:8 *   D:11 (   Orc:1 (   Orc:2 [[}[   Vaults:1 [

Portals:
Trove: D:14 (give horn of Geryon)

Annotations:
Shoals:3 exclusion: Roxanne, Roxanne


Innate Abilities, Weirdness & Mutations

You are resistant to torment.
Your stone body is resilient. (AC +15)
You are immune to poison.
Your large and strong wings let you fly indefinitely.
You resist negative energy. (rN+)
You are resistant to electric shocks. (rElec)
You can survive without breathing.
You are immune to petrification.
You are immune to rotting.
You have very sharp teeth.
You have a pair of horns on your head.
Your skin changes colour to match your surroundings (Stealth+).
You are dopey. (Int -2)
You passively map a small area around you.
You expend magic power (3 MP) to strengthen your wands.


Message History

You sock the bardiche of venom!
The bardiche of venom is moderately damaged.
The deep elf knight points at you and mumbles some strange words.
You block the shard of ice.
You closely miss the bardiche of venom.
Your headbutt misses the bardiche of venom.
The bardiche of venom is moderately damaged.
You block the glaive of protection's attack.
You block the bardiche of venom's attack.
The deep elf knight shoots an arrow.
The arrow completely misses you.
You completely miss the bardiche of venom.
You headbutt the bardiche of venom, but do no damage.
Your bite misses the bardiche of venom.
The bardiche of venom is moderately damaged.
You block the glaive of protection's attack.
Your plate armour "Logioh" prevents you from hitting the bardiche of venom.
You headbutt the bardiche of venom. You bite the bardiche of venom.
The bardiche of venom is heavily damaged.
The bardiche of venom hits you!
You die...

, ............##
#...'. .............#
#.###.
,,.........))....#
#.# ##
..........).)..#
#.###.
.............(..##
#.#...
..................##
#.#...
...............e....#
#...._
...............(.(.##
#.#...
................@)##
#.#...
#.............#...##
#..###
#.........).###...#
#..... ##........)##
##(..# #..###
##......)....###..(##
#(.#
#......)()....#...##
#..#
......)...........##
#..#
......(............##
##.##
....................#
#...#


You could see a deep elf knight (invisible) and 2 dancing weapons.

Vanquished Creatures
  Nikola (Elf:2)
  Arachne (Spider:4)
  An Ice Fiend (IceCv)
  A kraken (Shoals:1)
  Kirke (Shoals:3)
  A tengu reaver (D:10)
  Polyphemus (Shoals:3)
  Ilsuiw (Shoals:4)
  2 deep elf sorcerers (Elf:1)
  Donald (Orc:2)
  3 ghost moths (Spider:4)
  Louise (Elf:2)
  3 vault wardens (Vaults:1)
  2 ironheart preservers (Vaults:1)
  7 emperor scorpions (Spider:4)
  An entropy weaver (Spider:1)
  2 stone giants (D:10)
  Nessos (Lair:6)
  A deep elf annihilator (Elf:1)
  Azrael (Spider:3)
  A spark wasp (Spider:3)
  2 ettins
  6 merfolk javelineers
  5 merfolk impalers
  4 yaktaur captains
  An ice dragon (D:10)
  The ghost of Loading the Cleaver, a journeyman HOFi of Beogh (D:10)
  3 ogre magi
  Josephine (D:10)
  6 vault guards
  5 hydras
  2 catoblepae
  5 centaur warriors
  4 merfolk aquamancers
  13 dancing weapons
  9 satyrs
  2 deep troll shamans (Vaults:1)
  The ghost of kae the Carver, a novice FoFi of Okawaru (D:7)
  3 tengu warriors (D:15)
  A deep troll earth mage (D:10)
  3 death yaks (Shoals:3)
  10 deep elf knights
  4 skeletal warriors (D:15)
  13 sea snakes
  2 unseen horrors
  A flayed ghost (D:10)
  3 deep trolls
  A wizard (D:14)
  10 hill giants
  5 ironbrand convokers
  2 deep elf archers (Elf:2)
  An orc knight (Orc:2)
  17 harpies
  3 orc sorcerers
  27 wolf spiders
  23 orb spiders
  A wolf spider zombie (D:13)
  34 deep elf magi
  10 ugly things
  14 manticores
  19 fauns
  7 cyclopes
  3 black mambas
  A moth of wrath (Spider:2)
  8 water nymphs
  6 sirens
  Joseph (D:8)
  6 spiny frogs
  A torpor snail (Spider:1)
  An ice statue (IceCv)
  2 gargoyles
  A kobold demonologist (Elf:1)
  2 komodo dragons
  3 freezing wraiths (IceCv)
  7 anaconda simulacra (IceCv)
  12 demonic crawlers
  6 ice devils (IceCv)
  A rime drake (Lair:6)
  6 yaktaurs
  A tengu conjurer (D:15)
  A golden dragon simulacrum (IceCv)
  34 jumping spiders
  6 trolls
  24 merfolk
  5 wind drakes
  A queen bee (D:10)
  7 polar bears
  11 hornets
  A blink frog (shapeshifter) (Vaults:1)
  5 two-headed ogres
  3 slime creatures (D:15)
  7 dream sheep
  14 blink frogs
  8 snapping turtles
  12 hippogriffs
  A snapping turtle (shapeshifter) (Vaults:1)
  48 redbacks
  22 tarantellas
  An air elemental (Elf:2)
  12 spriggans (Lair:6)
  12 water elementals
  3 wyverns
  60 yaks
  Sigmund (D:2)
  4 dire elephant simulacra (IceCv)
  6 wraiths (D:10)
  A death yak simulacrum (IceCv)
  4 fire elementals
  A hog (Shoals:3)
  2 hungry ghosts
  2 basilisks
  11 vampire mosquitoes
  2 steam dragons (D:11)
  2 mottled dragons
  6 wargs
  2 iron troll simulacra (IceCv)
  10 water moccasins
  Edmund (D:6)
  3 soldier ants
  8 porcupines
  4 hell hounds (Spider:3)
  28 orc warriors
  3 hydra simulacra (IceCv)
  9 ice beasts
  Purgy (Sewer)
  5 sky beasts
  2 ettin simulacra (IceCv)
  An eye of draining (D:14)
  6 black bears
  A necrophage (D:8)
  2 phantoms
  3 boggarts (Lair:6)
  29 wolves
  22 centaurs
  8 ogres
  15 crocodiles
  4 big kobolds
  16 bullfrogs
  2 gnoll sergeants
  2 wyvern skeletons
  2 earth elementals (Elf:1)
  A water moccasin skeleton (D:8)
  7 scorpions
  22 killer bees
  3 wights
  A howler monkey (D:5)
  7 electric eels
  4 crimson imps
  3 centaur zombies
  A bullfrog zombie (D:12)
  A quasit (D:12)
  7 hounds
  2 draconian simulacra (IceCv)
  6 jellies
  8 orc priests
  5 centaur skeletons
  24 orc wizards
  5 bullfrog skeletons
  Jessica (D:2)
  7 iguanas
  2 spriggan simulacra (IceCv)
  3 troll simulacra (IceCv)
  13 worker ants
  A wolf simulacrum (IceCv)
  3 hound zombies
  A hound skeleton (D:7)
  A howler monkey zombie (D:9)
  A worker ant zombie (D:11)
  Robin (D:2)
  8 gnolls
  15 adders
  2 naga simulacra (IceCv)
  2 ogre simulacra (IceCv)
  3 shadow imps
  7 white imps (IceCv)
  8 ufetubi (IceCv)
  3 adder skeletons
  An adder zombie (D:9)
  3 worms
  2 dart slugs
  6 leopard geckos
  58 orcs
  2 ball pythons
  5 giant cockroaches
  17 goblins
  4 hobgoblins
  15 jackals
  6 quokkas
  3 bats
  5 frilled lizards
  25 kobolds
  2 quokka skeletons
  A quokka zombie (D:7)
  4 rats
  A fungus (D:9)
  4 tentacles (Shoals:1)
1268 creatures vanquished.

Vanquished Creatures (others)
  3 merfolk aquamancers (Shoals:4)
  A wizard (Elf:1)
  A wolf spider (Spider:4)
  A water nymph (Shoals:3)
  A tengu conjurer (D:15)
  A jumping spider (Spider:1)
  A hornet (Spider:4)
  A redback (Spider:3)
  A tarantella (Spider:2)
  3 humans (Shoals:3)
  A boggart (Elf:1)
  An orc (D:15)
  A fungus (Lair:5)
  42 plants
  9 tentacles (Shoals:1)
68 creatures vanquished.

Grand Total: 1336 creatures vanquished

Notes
Turn   | Place    | Note
-------+----------+-------------------------------------------
     0 | D:1      | dobroeutro the Gargoyle Fighter began the quest for the Orb.
     0 | D:1      | Reached XP level 1. HP: 14/14 MP: 1/1
   105 | D:1      | Reached XP level 2. HP: 11/19 MP: 2/2
   723 | D:2      | Reached XP level 3. HP: 23/23 MP: 3/3
   873 | D:2      | Noticed Robin
   885 | D:2      | Reached skill level 3 in Maces & Flails
   907 | D:2      | Killed Robin
   907 | D:2      | Reached XP level 4. HP: 13/29 MP: 4/4
   914 | D:2      | Noticed Jessica
   921 | D:2      | Killed Jessica
  1093 | D:2      | Noticed Sigmund
  1100 | D:2      | Killed Sigmund
  1100 | D:2      | Reached skill level 4 in Maces & Flails
  1100 | D:2      | Reached XP level 5. HP: 16/34 MP: 5/5
  1100 | D:2      | Reached XP level 6. HP: 19/39 MP: 6/6
  1575 | D:3      | Found a glowing drain.
  1590 | Sewer    | Entered a sewer
  1648 | Sewer    | Noticed Purgy
  1669 | Sewer    | Killed Purgy
  1669 | Sewer    | Reached skill level 5 in Maces & Flails
  1669 | Sewer    | Reached skill level 5 in Armour
  1788 | D:3      | Found a sparkling altar of Nemelex Xobeh.
  1836 | D:3      | Found a sacrificial altar of Ru.
  2143 | D:4      | Reached XP level 7. HP: 41/44 MP: 7/7
  2259 | D:4      | Reached skill level 5 in Fighting
  2742 | D:4      | Reached skill level 6 in Maces & Flails
  2939 | D:5      | Entered Level 5 of the Dungeon
  3238 | D:5      | Reached XP level 8. HP: 50/50 MP: 8/8
  3553 | D:6      | Reached skill level 7 in Maces & Flails
  3585 | D:6      | Found Ynil's Armour Emporium.
  3661 | D:6      | Found Unac's Antique Armour Emporium.
  3664 | D:6      | Bought a glowing chain mail for 121 gold pieces
  3708 | D:6      | Noticed Edmund
  3717 | D:6      | Killed Edmund
  3772 | D:6      | Found Jyatt's Jewellery Emporium.
  3924 | D:6      | Found Cekkox's Armour Shoppe.
  3932 | D:6      | Bought a +0 pair of gloves for 58 gold pieces
  3978 | D:6      | Reached skill level 8 in Maces & Flails
  4336 | D:7      | Reached XP level 9. HP: 56/56 MP: 9/9
  4799 | D:7      | Found a staircase to the Ecumenical Temple.
  4818 | D:7      | Reached skill level 9 in Maces & Flails
  4829 | Temple   | Entered the Ecumenical Temple
  5029 | Temple   | Became a worshipper of Warmaster Okawaru
  5136 | D:7      | Noticed kae's ghost (novice FoFi)
  5189 | D:8      | Found Ujuariur's General Store.
  5213 | D:8      | Found a shadowy altar of Dithmenos.
  5218 | D:8      | Noticed Joseph
  5239 | D:8      | Killed Joseph
  5349 | D:8      | Reached * piety under Okawaru
  5370 | D:8      | Reached skill level 10 in Maces & Flails
  5370 | D:8      | Reached XP level 10. HP: 47/64 MP: 10/10
  6051 | D:9      | Found a staircase to the Lair.
  6228 | D:9      | Reached ** piety under Okawaru
  6648 | D:8      | Reached skill level 1 in Dodging
  6703 | D:8      | Found a basalt altar of Yredelemnul.
  6747 | D:8      | Reached skill level 11 in Maces & Flails
  6760 | D:8      | Reached *** piety under Okawaru
  6936 | D:8      | Found a white marble altar of Elyvilon.
  7315 | D:7      | Killed kae's ghost
  7315 | D:7      | Reached XP level 11. HP: 25/71 MP: 11/11
  7680 | D:10     | Entered Level 10 of the Dungeon
  7743 | D:9      | Reached **** piety under Okawaru
  8152 | D:10     | Reached skill level 5 in Shields
  8276 | D:10     | Found a staircase to the Orcish Mines.
  8601 | D:10     | Reached skill level 12 in Maces & Flails
  8610 | D:10     | Reached skill level 10 in Fighting
  8829 | D:10     | Reached ***** piety under Okawaru
  8915 | D:10     | Noticed Loading's ghost (journeyman HOFi)
  9523 | D:10     | Noticed Josephine
  9548 | D:10     | Killed Josephine
  9549 | D:10     | Found an iron altar of Okawaru.
  9764 | D:10     | Found a runed door.
  9764 | D:10     | Noticed an ettin
  9764 | D:10     | Noticed a stone giant
  9764 | D:10     | Noticed a tengu reaver
  9765 | D:10     | Noticed a flayed ghost
  9766 | D:10     | Noticed a stone giant
  9766 | D:10     | Noticed a yaktaur captain
  9766 | D:10     | Noticed an ice dragon
  9766 | D:10     | Noticed a deep troll earth mage
  9936 | D:10     | Noticed a hill giant
  9950 | D:10     | Killed a hill giant
  9950 | D:10     | Reached XP level 12. HP: 41/78 MP: 12/12
 10272 | D:10     | Killed Loading's ghost
 10297 | D:10     | Received a gift from Okawaru
 10590 | D:11     | Reached skill level 13 in Maces & Flails
 10958 | D:11     | Found Kuzy's Antique Weapon Emporium.
 10977 | D:11     | Bought a glowing morningstar for 136 gold pieces
 11228 | D:11     | Reached ****** piety under Okawaru
 11231 | D:11     | Found a basalt altar of Yredelemnul.
 11558 | D:12     | Reached skill level 5 in Dodging
 11915 | D:12     | Received a gift from Okawaru
 11918 | D:12     | Got a slimy scale mail {god gift}
 11929 | D:12     | Identified the +4 scale mail "Xiral" {rC+} (Okawaru gifted it to you on level 12 of the Dungeon)
 12440 | Lair:1   | Entered Level 1 of the Lair of Beasts
 13243 | Lair:2   | Reached skill level 1 in Invocations
 13350 | Lair:2   | Got a fine marble ring
 13404 | Lair:2   | Reached XP level 13. HP: 84/84 MP: 14/14
 13408 | Lair:2   | Reached skill level 14 in Maces & Flails
 14142 | Lair:3   | Identified the ring "Dum Lusm" {rElec EV+1 Str+4} (You found it on level 2 of the Lair of Beasts)
 14165 | Lair:3   | Identified a scroll of acquirement
 14346 | Lair:3   | Gained mutation: Your skin changes colour to match your surroundings (Stealth+). [potion of mutation]
 14346 | Lair:3   | Gained mutation: Your spells are a little harder to cast, but a little more powerful. [potion of mutation]
 14346 | Lair:3   | Gained mutation: You expend magic power (3 MP) to strengthen your wands. [potion of mutation]
 14773 | Lair:4   | Found a hole to the Spider Nest.
 15086 | Lair:4   | Found a staircase to the Shoals.
 15127 | Lair:4   | Received a gift from Okawaru
 15130 | Lair:4   | Got a fine plate armour {god gift}
 15141 | Lair:4   | Identified the +5 plate armour "Logioh" {rF+ Dex+2 SInv} (Okawaru gifted it to you on level 4 of the Lair of Beasts)
 16015 | Lair:5   | Found a viscous altar of Jiyva.
 16015 | Lair:5   | Found a staircase to the Slime Pits.
 16269 | Lair:5   | Got a transparent flail
 16270 | Lair:5   | Identified the +12 flail of the Seeker {drain, rElec rC+ Int-5} (You found it on level 5 of the Lair of Beasts)
 16343 | Lair:6   | Entered Level 6 of the Lair of Beasts
 16493 | Lair:6   | Noticed Nessos
 16519 | Lair:6   | Reached skill level 5 in Invocations
 16533 | Lair:6   | Killed Nessos
 16533 | Lair:6   | Received a gift from Okawaru
 16533 | Lair:6   | Gained mutation: Your large and strong wings let you fly indefinitely. [Gargoyle growth]
 16533 | Lair:6   | Reached XP level 14. HP: 80/92 MP: 17/17
 16754 | Lair:6   | Reached skill level 15 in Maces & Flails
 17772 | D:10     | Killed a tengu reaver
 17782 | D:10     | Killed a stone giant
 17782 | D:10     | Reached skill level 10 in Armour
 17787 | D:10     | Reached skill level 10 in Shields
 17802 | D:10     | Killed a stone giant
 17820 | D:10     | Received a gift from Okawaru
 17828 | D:10     | Got a crude glass ring
 17846 | D:10     | Identified the ring "Suuzeqe" {*Corrode rElec rC++ rN+ Str+6} (You found it on level 10 of the Dungeon)
 18230 | Orc:1    | Entered Level 1 of the Orcish Mines
 18480 | Orc:2    | Entered Level 2 of the Orcish Mines
 18587 | Orc:2    | Noticed Donald
 18625 | Orc:2    | Killed Donald
 18811 | Orc:2    | Found a staircase to the Elven Halls.
 19593 | Orc:2    | Found Zedan's Gadget Emporium.
 19593 | Orc:2    | Found Viuminoa's Antique Armour Boutique.
 19593 | Orc:2    | Found Xod Valibrit's Armour Shop.
 19596 | Orc:2    | Found Lusojyam's Antique Armour Shoppe.
 19768 | Orc:2    | Bought a shimmering plate armour for 504 gold pieces
 19785 | Orc:2    | Identified the +7 plate armour of Knowledge {Str+5 Slay-4} (You bought it in a shop on level 2 of the Orcish Mines)
 20002 | Orc:1    | Found Eplethay's Antique Weapon Shoppe.
 20107 | Orc:2    | Received a gift from Okawaru
 20118 | Orc:2    | Got a scorched demon blade {god gift}
 20274 | Shoals:1 | Entered Level 1 of the Shoals
 20401 | Shoals:1 | Reached skill level 1 in Evocations
 20401 | Shoals:1 | Reached XP level 15. HP: 97/97 MP: 19/19
 20453 | Shoals:1 | Noticed a kraken
 20472 | Shoals:1 | Killed a kraken
 20532 | Shoals:1 | Received a gift from Okawaru
 21538 | Shoals:2 | Reached skill level 16 in Maces & Flails
 21974 | Shoals:3 | Found a frozen archway.
 21975 | Shoals:3 | Noticed Kirke
 21976 | Shoals:3 | Noticed Polyphemus
 21990 | Shoals:3 | Killed Kirke
 22013 | Shoals:3 | Killed Polyphemus
 22040 | IceCv    | Entered an ice cave
 22493 | IceCv    | Received a gift from Okawaru
 22583 | IceCv    | Gained mutation: Scrolls take you a little longer to read. [mutagenic meat]
 22586 | IceCv    | Gained mutation: You are dopey. (Int -2) [mutagenic meat]
 22604 | IceCv    | Lost mutation: You are dopey. (Int -2) [potion of cure mutation]
 22604 | IceCv    | Lost mutation: Scrolls take you a little longer to read. [potion of cure mutation]
 22604 | IceCv    | Lost mutation: Your spells are a little harder to cast, but a little more powerful. [potion of cure mutation]
 22702 | IceCv    | Noticed an Ice Fiend
 22804 | IceCv    | Killed an Ice Fiend
 23414 | IceCv    | Got a pair of polished gloves
 23425 | IceCv    | Identified the +2 pair of gloves "Noes" {rC- MR+++ Str+4 Stlth+} (You found it in an ice cave)
 23520 | Shoals:3 | Reached XP level 16. HP: 62/105 MP: 20/20
 23648 | Shoals:3 | Noticed Roxanne
 24192 | Shoals:3 | Got an ancient morningstar
 24193 | Shoals:3 | Identified the +5 morningstar of Egomania {antimagic, rElec rPois rF++ Str+2} (You found it on level 3 of the Shoals)
 24227 | Shoals:4 | Entered Level 4 of the Shoals
 24239 | Shoals:4 | Received a gift from Okawaru
 24602 | Shoals:4 | Reached skill level 17 in Maces & Flails
 24683 | Shoals:4 | Got a barnacled rune of Zot
 24804 | Shoals:4 | Noticed Ilsuiw
 24821 | Shoals:4 | Reached skill level 5 in Evocations
 24838 | Shoals:4 | Killed Ilsuiw
 24846 | Shoals:4 | Got a shimmering flail {flame}
 24861 | Shoals:4 | Identified the +11 flail "Zestogyh" {flame, rF+ Str-4 Int+4 Dex+2} (You took it off Ilsuiw on level 4 of the Shoals)
 25151 | Shoals:4 | Reached XP level 17. HP: 87/112 MP: 21/21
 25163 | Shoals:4 | Received a gift from Okawaru
 25725 | Spider:1 | Entered Level 1 of the Spider Nest
 26392 | Spider:1 | Received a gift from Okawaru
 27626 | Spider:3 | Noticed Azrael
 27645 | Spider:3 | Killed Azrael
 27652 | Spider:3 | Reached skill level 18 in Maces & Flails
 28064 | Spider:4 | Entered Level 4 of the Spider Nest
 28072 | Spider:4 | Noticed Arachne
 28099 | Spider:4 | Killed Arachne
 28183 | Spider:4 | Reached skill level 10 in Dodging
 28295 | Spider:4 | Reached XP level 18. HP: 77/118 MP: 22/22
 28610 | Spider:4 | Reached skill level 15 in Fighting
 28960 | Spider:3 | Received a gift from Okawaru
 29222 | Spider:4 | Got a gossamer rune of Zot
 30513 | D:14     | Found a portal to a secret trove of treasure.
 30544 | D:14     | Found a gate to the Vaults.
 30952 | D:15     | Entered Level 15 of the Dungeon
 31028 | D:15     | Reached skill level 19 in Maces & Flails
 31259 | D:15     | Received a gift from Okawaru
 31302 | D:15     | Found a staircase to the Depths.
 31822 | D:14     | Reached XP level 19. HP: 125/125 MP: 23/23
 32020 | Elf:1    | Entered Level 1 of the Elven Halls
 32046 | Elf:1    | Gained mutation: Your magical capacity is low. (-10% MP) [a neqoxec]
 32048 | Elf:1    | Gained mutation: You are dopey. (Int -2) [a neqoxec]
 32523 | Vaults:1 | Entered Level 1 of the Vaults
 32632 | Vaults:1 | Received a gift from Okawaru
 32734 | Vaults:1 | Found Ysiotyod's Antique Armour Shoppe.
 33410 | Vaults:1 | Gained mutation: You have a pair of small horns on your head. [mutagenic meat]
 33413 | Vaults:1 | Gained mutation: You have a pair of horns on your head. [mutagenic meat]
 33416 | Vaults:1 | Gained mutation: Your muscles are strong. (Str +2) [mutagenic meat]
 33419 | Vaults:1 | Gained mutation: You have very sharp teeth. [mutagenic meat]
 33422 | Vaults:1 | Gained mutation: You are partially covered in yellow scales. (AC +2) [mutagenic meat]
 33425 | Vaults:1 | Lost mutation: You are partially covered in yellow scales. (AC +2) [mutagenic meat]
 33428 | Vaults:1 | Lost mutation: Your magical capacity is low. (-10% MP) [mutagenic meat]
 33902 | Vaults:1 | Gained mutation: You are very dopey. (Int -4) [mutagenic meat]
 33905 | Vaults:1 | Gained mutation: You passively map a small area around you. [mutagenic meat]
 33914 | Vaults:1 | Lost mutation: You are very dopey. (Int -4) [mutagenic meat]
 33920 | Vaults:1 | Gained mutation: Your magical capacity is low. (-10% MP) [mutagenic meat]
 33926 | Vaults:1 | Lost mutation: Your magical capacity is low. (-10% MP) [mutagenic meat]
 33929 | Vaults:1 | Lost mutation: Your muscles are strong. (Str +2) [mutagenic meat]
 34999 | Elf:2    | Noticed Louise
 35038 | Elf:2    | Killed Louise
 35038 | Elf:2    | Received a gift from Okawaru
 35068 | Elf:2    | Found a runed gate.
 35071 | Elf:2    | Found a runed gate.
 35074 | Elf:2    | Found a runed gate.
 35093 | Elf:2    | Found an ancient bone altar of Kikubaaqudgha.
 35093 | Elf:2    | Noticed Nikola
 35106 | Elf:2    | Killed Nikola
 35381 | Elf:2    | Reached skill level 20 in Maces & Flails
 35403 | Elf:2    | Reached XP level 20. HP: 100/132 MP: 24/24
 35437 | Elf:2    | Slain by a bardiche of venom

Vault maps used:
D:1:      dpeg_arrival_rhombus
D:2:      first_bread, uniq_jessica, uniq_robin, uniq_sigmund
D:3:      lemuel_doored_altar, portal_sewer_entry_d, st_stairs_4,
          nicolae_ru_the_path_less_chosen
D:6:      serial_shops, nicolae_shop_waterfront, nicolae_shop_stone,
          shop_statue, shop, uniq_edmund
D:7:      nicolae_overflow_hidden_temple
D:8:      kennysheep_ying_yang, grunt_dithmenos_smoke_and_mirrors, serial_shops,
          shop, uniq_joseph
D:9:      dpeg_oklobed_lair, blue_anna_alchemist
D:10:     minmay_gate_of_8, minmay_orc_entry_guard_dogs, basic_altar,
          minivault_7, uniq_josephine
D:11:     serial_shops, shop, basic_altar, lemuel_another_geyser
D:13:     kennysheep_generic_room_8
D:14:     lightli_vaults_fourway_checkpoint, enter_trove_3
D:15:     hangedman_depths_entry_civil_slaughter, serial_glass, glass_columns_a,
          glass_columns_a, minmay_strange_pillars, nrook_mini_backslash
Temple:   regret_index_temple_generic_petals
Lair:1:   gammafunk_lair_bear_cave, grunt_megastairs_5,
          infiniplex_staircase_pool
Lair:2:   beast_lair_carwin_10
Lair:3:   st_stairs_5
Lair:4:   minmay_shoals_entry_centaurs, nicolae_spider_entry_non_spiders,
          st_stairs_11, ldierk_geyser
Lair:5:   dpeg_slime_entry_enclosed_altar, serial_bayou_lake_a,
          grunt_megastairs_1, lemuel_fruit_tree
Lair:6:   minmay_lair_end_enchanted_forest, uniq_nessos
Shoals:3: portal_ice_cave_entry_pillars_three, nicolae_shoals_water_shrine,
          uniq_roxanne, uniq_kirke, uniq_polyphemus
Shoals:4: shoals_end_grunt_garden, shoals_ilsuiw_alternative,
          nicolae_shoals_square_sea_wall
Spider:1: nicolae_spider_webs_and_nodes
Spider:3: uniq_azrael
Spider:4: grunt_spider_rune_circles, spider_trap, uniq_arachne
Orc:1:    serial_shops, nicolae_shop_behind_doors, nicolae_orc_pool_cavern
Orc:2:    st_orc_rangers, uniq_donald
Elf:1:    minmay_elf_arrival_circle, hangedman_elf_disciples, item_on_display_a
Elf:2:    basic_altar, serial_sigils_hangedman_etch, uniq_nikola, uniq_louise
Vaults:1: vaults_room_door_hall, v_misc_13, grunt_vaults_hallway_short,
          vaults_room_octagon, v_misc_11, vaults_mumra_hex, serial_shops, shop
Sewer:    sewer_the_crocodile
IceCv:    ice_cave_caverns_01

Skill      XL: |  1  2  3  4  5  6  7  8  9 10 11 12 13 14 15 16 17 18 19 |
---------------+----------------------------------------------------------+-----
Armour         | 4 5 7 8 9 10 11 12 13 14 | 14.8
Maces & Flails | 3 4 5 6 8 10 11 12 13 14 15 16 17 18 19 20 | 20.0
Fighting       | 4 5 6 8 9 10 11 12 13 14 15 16 | 16.3
Dodging        | 2 4 5 6 7 8 9 10 11 | 11.3
Shields        | 4 6 8 9 10 11 12 13 14 | 14.5
Invocations    | 1 5 6 |  6.6
Evocations     | 1 3 5 6 |  6.0

Action                   |  1- 3 |  4- 6 |  7- 9 | 10-12 | 13-15 | 16-18 | 19-21 || total
-------------------------+-------+-------+-------+-------+-------+-------+-------++-------
Melee: Flail             |    22 |       |       |       |  1048 |  1643 |   526 ||  3239
       Spear             |    65 |   107 |   362 |   461 |       |       |       ||   995
       Whip              |       |       |       |   378 |       |       |       ||   378
       Mace              |       |       |       |   369 |       |       |       ||   369
       Morningstar       |       |       |       |   252 |   359 |       |       ||   611
       Headbutt          |       |       |       |       |       |       |    92 ||    92
       Bite              |       |       |       |       |       |       |    46 ||    46
Invok: Heroism           |       |       |       |       |       |       |     1 ||     1
 Abil: Fly               |       |       |       |       |     1 |       |       ||     1
  Use: Scroll            |       |     4 |     6 |     3 |    20 |     5 |       ||    38
       Potion            |       |       |       |       |     5 |       |       ||     5
 Stab: Petrified         |       |       |       |       |    13 |       |       ||    13
       Petrifying        |       |       |       |       |     1 |       |       ||     1
  Eat: Chunk             |       |     3 |     7 |    25 |    10 |    11 |    17 ||    73
       Bread ration      |       |       |     1 |       |     1 |       |       ||     2
       Beef jerky        |       |       |       |     3 |       |     1 |       ||     4
       Fruit             |       |       |       |       |    18 |     8 |       ||    26
       Meat ration       |       |       |       |       |     1 |     1 |       ||     2
       Pizza             |       |       |       |       |       |     3 |       ||     3
       Royal jelly       |       |       |       |       |       |     1 |     7 ||     8
Armor: Scale mail        |    52 |    38 |    13 |    84 |   110 |       |       ||   297
       Chain mail        |       |       |   165 |   625 |       |       |       ||   790
       Plate armour      |       |       |       |       |   487 |  1067 |   201 ||  1755
Dodge: Dodged            |    11 |    15 |    42 |   207 |   346 |   708 |   120 ||  1449
Block: Shield            |    24 |       |       |       |       |       |       ||    24
       Large shield      |    21 |    72 |   244 |  1046 |  1413 |  2228 |   516 ||  5540
